Cogmind - Beta 16 --- EXPLORER MODE // 2026.01.05 @ 14:00:04 Player: K.K.Y. Result: Destroyed by QD-7FE(R) with Subdweller Laser Performance ------------- Evolutions (0) 0 Regions Visited (3) 600 Robots Destroyed (40) 200 Value Destroyed (972) 972 Prototype IDs (5) 100 Alien Tech Used (0) 0 Bonus (0) 0 TOTAL SCORE: 1872 Bonus ------- None Cogmind --------- Core Integrity 0/250 Matter 116/300 Energy 99/100 System Corruption 0% Temperature Cool (6) Movement Treading (240) Ox1 Location -10/Subcaves Parts ------- > --- POWER (1) -------- (None) > --- PROPULSION (2) --- Light Treads > --- UTILITY (3) ------ Large Storage Unit Structural Scanner > --- WEAPON (2) ------- Light Assault Rifle > --- INVENTORY (15) --- Armored Treads Cesium-ion Thruster Improved Heat Sink Improved Heat Sink Huge Storage Unit Improved Terrain Scanner Improved Light Armor Plating Hardlight Generator System Shield High-powered Shotgun Dirty Datajack (20) Mining Laser Multitool Peak State ------------ > --- POWER ------------ Light Nuclear Core > --- PROPULSION ------- Light Treads Light Treads > --- UTILITY ---------- Large Storage Unit Structural Scanner Sensor Array > --- WEAPON ----------- Battle Cannon Battle Cannon > --- INVENTORY -------- Light Treads Armored Treads Cesium-ion Thruster Improved Heat Sink Improved Heat Sink Huge Storage Unit Improved Terrain Scanner Improved Light Armor Plating Hardlight Generator System Shield High-powered Shotgun Dirty Datajack Mining Laser [Rating: 15] Favorites ----------- Power Ion Engine Engine Ion Engine Power Core Light Nuclear Core Propulsion Light Treads Treads Light Treads Utility Structural Scanner Device Structural Scanner Storage Large Storage Unit Processor Signal Interpreter Weapon Assault Rifle Energy Gun Small Laser Ballistic Gun Assault Rifle Ballistic Cannon Battle Cannon Special Weapon Mining Laser Build | -11 -10 -10 -10 ------- Run | Yrd Mat Min Sub Slots Evolved 1 | . 1 . . Power . | . . . . Propulsion . | . . . . Utility 1 | . 1 . . Weapon . | . . . . Parts Attached 21 | 9 3 2 7 Power 5 | 1 2 . 2 Engine 4 | 1 2 . 1 Core 1 | . . . 1 Reactor . | . . . . Propulsion 4 | 2 . 1 1 Treads 4 | 2 . 1 1 Leg . | . . . . Wheel . | . . . . Hover . | . . . . Flight . | . . . . Utility 5 | 3 1 1 . Device 2 | 1 . 1 . Storage 2 | 1 1 . . Processor 1 | 1 . . . Hackware . | . . . . Protection . | . . . . Artifact . | . . . . Weapon 7 | 3 . . 4 Energy Gun 1 | 1 . . . Energy Cannon . | . . . . Ballistic Gun 3 | 2 . . 1 Ballistic Cannon 2 | . . . 2 Launcher . | . . . . Special Weapon 1 | . . . 1 Impact Weapon . | . . . . Slashing Weapon . | . . . . Piercing Weapon . | . . . . Special Melee Weapon . | . . . . Unidentified Prototypes . | . . . . Parts Lost 9 | . 1 . 8 Power 4 | . 1 . 3 Propulsion 2 | . . . 2 Utility 1 | . . . 1 Weapon 2 | . . . 2 Highest Loss Streak 3 | . 1 . 3 To Critical Strikes 1 | . . . 1 Average Backups 11 | 1 7 13 13 Power . | . . 1 . Propulsion 2 | . 1 2 2 Utility 5 | . 3 6 7 Weapon 2 | . 2 3 2 Tool/Special . | . . . . Unused Backups 15 | . . . 15 Power . | . . . . Propulsion 2 | . . . 2 Utility 8 | . . . 8 Weapon 3 | . . . 3 Tool/Special 2 | . . . 2 Average Slot Usage (%) 82 | . 85 97 76 Engine 7 | . 10 12 3 Core 1 | . . . 3 Treads 18 | . 25 25 13 Device 18 | . 12 22 19 Storage 12 | . 12 12 12 Ballistic Gun 14 | . 25 25 6 Ballistic Cannon 8 | . . . 15 Peak Build Rating 15 | 7 8 11 15 Average Rating 9 | 5 7 10 10 On Entrance 6 | . 7 8 11 Avg Prop Armor Cover (%) . | . . . . Naked Turns . | . . . . Heaviest Build 33 | 20 30 31 33 Greatest Support 40 | 40 40 40 40 Greatest Overweight (x) 10 | 1 . . 10 Average Overweight (x) . | . . . 1 Largest Inventory Capacity 15 | 10 15 15 15 Average Capacity 14 | 8 14 15 15 Most Carried 15 | 5 11 15 15 Average Carried 11 | 1 7 13 13 Final Capacity 15 | 10 15 15 15 Final Carried 15 | 2 10 15 13 Class Distribution -------------------- 100% | Hacker-Mutant Dominant Class ---------------- Hacker-Mutant | -10/Materials Hacker-Mutant | -10/Mines Hacker-Mutant | -10/Subcaves Resources | -11 -10 -10 -10 ----------- Run | Yrd Mat Min Sub Matter Collected 1186 | 326 252 62 546 Remotely . | . . . . Salvage Created 1217 | 192 549 50 426 Parts 81 | 16 29 9 27 Haulers Intercepted 2 | . 2 . . Recyclers Shooed 2 | 1 1 . . Parts Field Recycled . | . . . . Retrieved Matter . | . . . . Parts Self-Destructed . | . . . . Prevented . | . . . . Parts Restored . | . . . . Kills | -11 -10 -10 -10 ------- Run | Yrd Mat Min Sub Combat Hostiles Destroyed 27 | . 8 2 17 Guns 15 | . 8 2 5 Cannons 12 | . . . 12 Classes Destroyed 10 | 2 4 1 3 Builder 1 | . . 1 . Tunneler 4 | 4 . . . Hauler 2 | . 2 . . Recycler 2 | 1 1 . . Turret 2 | . . . 2 Watcher 2 | . 2 . . Swarmer 8 | . 2 2 4 Grunt 8 | . 6 . 2 Artisan 1 | . . . 1 Subdweller 11 | . . . 11 Best Kill Streak 5 | 5 2 2 4 Combat Bots Only 3 | . 2 2 3 Max Kills in Single Turn 2 | 2 1 1 1 Gunslinging . | . . . . Exploded . | . . . . Melee . | . . . . Uniques/NPCs Destroyed . | . . . . Combat | -11 -10 -10 -10 -------- Run | Yrd Mat Min Sub Hostile Shots Fired 194 | . 28 7 159 Missed 61 | . 12 3 46 Hits 133 | . 16 4 113 Projectile 133 | . 16 4 113 AOE 2 | . . . 2 Critical Strikes 1 | . . . 1 Damage Taken 1258 | . 184 18 1056 Core 250 | . 7 . 243 Absorbed by Shields . | . . . . Ignored by Resistances 789 | . 116 14 659 Core Remaining (%) 100 | 100 . . . Volleys Fired 152 | 6 37 7 102 Largest 2 | 2 2 2 2 Hottest 120 | 40 40 40 120 Shots Fired 261 | 12 74 14 161 Gun 141 | 12 74 14 41 Cannon 115 | . . . 115 Launcher . | . . . . Special 5 | . . . 5 Kinetic 256 | 12 74 14 156 Thermal 5 | . . . 5 Explosive . | . . . . Electromagnetic . | . . . . Robot Hit Streak 32 | 5 19 3 32 Robot Miss Streak 2 | 1 2 1 2 Penetration Max . | . . . . Secondary Targets 3 | . 1 1 1 Max Gunslinging Chain 1 | . 1 1 1 Shots Hit Robots 187 | 9 58 9 111 Core Hits 64 | 6 23 3 32 Critical Kills . | . . . . Critical Parts Destroyed . | . . . . Critical Strikes 4 | . . . 4 Blast 4 | . . . 4 Melee Attacks . | . . . . Impact . | . . . . Slashing . | . . . . Piercing . | . . . . Sneak Attacks . | . . . . Combat Hostiles . | . . . . Follow-up Attacks . | . . . . Damage Inflicted 2953 | 118 748 113 1974 Guns 1324 | 118 748 113 345 Cannons 1629 | . . . 1629 Explosions . | . . . . Melee . | . . . . Ramming . | . . . . Kinetic 2953 | 118 748 113 1974 Thermal . | . . . . Explosive . | . . . . Electromagnetic . | . . . . Impact . | . . . . Slashing . | . . . . Piercing . | . . . . Highest Corruption . | . . . . Average Corruption . | . . . . Corruption Purged . | . . . . Corruption Blocked . | . . . . Overload Shots . | . . . . Overflow Damage 31 | . . . 31 Projectiles 31 | . . . 31 Explosions . | . . . . Melee . | . . . . Knockbacks 13 | . . . 13 Impact . | . . . . Kinetic 13 | . . . 13 Secondary . | . . . . Self-Inflicted Damage . | . . . . Shots . | . . . . Rammed . | . . . . Targets Rammed . | . . . . Kicked . | . . . . Crushed . | . . . . Highest Temperature 3 | . 3 . . Average Temperature 2 | . 2 . . Received Heat Transfer 420 | . 111 . 309 Siege Activations . | . . . . Martial Activations . | . . . . Shielding Activations . | . . . . Robots Disrupted . | . . . . Combat Hostiles . | . . . . Robots Corrupted . | . . . . Combat Hostiles . | . . . . Parts Fried . | . . . . Impact Corruptions . | . . . . Robots Melted . | . . . . Combat Hostiles . | . . . . Parts Melted . | . . . . Heat Transferred . | . . . . Parts Sabotaged . | . . . . Parts Stolen . | . . . . Parts Stripped . | . . . . Power Chain Reactions . | . . . . Alert | -11 -10 -10 -10 ------- Run | Yrd Mat Min Sub Maximum Alert Level . | . . . . Low Security (%) 100 | 100 100 100 . Level 1 . | . . . . Level 2 . | . . . . Level 3 . | . . . . Level 4 . | . . . . Level 5 . | . . . . High Security . | . . . . Max Security . | . . . . Peak Influence 50 | 10 35 50 . Initial . | . . . . Average 2 | 2 4 1 . Influence Increases 616 | 25 231 55 305 Destroy 0b10 Robot/C 360 | . 160 40 160 Destroy 0b10 Robot/NC 55 | 25 25 5 . Destroy Leader 58 | . 38 10 10 Successful Hack 8 | . 8 . . Lose Combat Pursuer 135 | . . . 135 Influence Decreases 616 | 25 231 55 305 Time Decay 599 | 25 224 55 295 Lost Part 17 | . 7 . 10 Squads Dispatched . | . . . . Investigation . | . . . . Extermination . | . . . . Reinforcement . | . . . . Assault . | . . . . Garrison . | . . . . Intercept . | . . . . Searches Triggered . | . . . . Construction Impeded . | . . . . Haulers Reinforced . | . . . . Active Scanning Responses . | . . . . Cargo Convoy Interrupts . | . . . . Stealth | -11 -10 -10 -10 --------- Run | Yrd Mat Min Sub Distress Signals . | . . . . Communications Jammed . | . . . . Distress Signals . | . . . . Times Spotted 37 | . 10 2 25 Peak Tracking Total 4 | . 2 2 4 Tactical Retreats 4 | . . . 4 Traps | -11 -10 -10 -10 ------- Run | Yrd Mat Min Sub Traps Triggered 2 | . 2 . . Indirectly . | . . . . Trap Hack Attempts . | . . . . Triggered . | . . . . Disarmed . | . . . . Reprogrammed . | . . . . Reused . | . . . . Traps Extracted . | . . . . Installed . | . . . . Triggered . | . . . . Machines | -11 -10 -10 -10 ---------- Run | Yrd Mat Min Sub Machines Disabled 2 | . . . 2 Max in Single Turn 1 | . . . 1 Machines Repaired . | . . . . Machines Dismantled . | . . . . Machines Sabotaged . | . . . . Overloaded Fab Kills . | . . . . Hacking | -11 -10 -10 -10 --------- Run | Yrd Mat Min Sub Machines Accessed 6 | . 5 1 . Terminals 5 | . 5 . . Fabricators . | . . . . Repair Stations . | . . . . Recycling Units . | . . . . Scanalyzers . | . . . . Garrison Access . | . . . . Total Hacks 13 | . 12 1 . Successful 10 | . 9 1 . Failed 3 | . 3 . . Catastrophic . | . . . . Database Lockouts . | . . . . Manual 11 | . 11 . . Terminals 12 | . 12 . . Fabricators . | . . . . Repair Stations . | . . . . Recycling Units . | . . . . Scanalyzers . | . . . . Garrison Access . | . . . . Terminal Hacks 5 | . 4 1 . Prototype ID Bank 4 | . 4 . . Open Door 1 | . . 1 . Fabricator Hacks . | . . . . Repair Station Hacks . | . . . . Recycling Unit Hacks . | . . . . Scanalyzer . | . . . . Garrison Access Hacks . | . . . . Unauthorized Hacks 5 | . 5 . . Terminals 5 | . 5 . . Botnet 5 | . 5 . . Fabricators . | . . . . Repair Stations . | . . . . Recycling Units . | . . . . Scanalyzers . | . . . . Garrison Access . | . . . . Data Cores Recovered . | . . . . Used . | . . . . Hacking Detections 3 | . 3 . . Full Trace Events . | . . . . Feedback Events . | . . . . Feedback Blocked . | . . . . Robot Schematics Acquired . | . . . . Robots Built . | . . . . Authchips . | . . . . Time . | . . . . Total Robot Build Rating . | . . . . Part Schematics Acquired . | . . . . Parts Built . | . . . . Authchips . | . . . . Time . | . . . . Total Part Build Rating . | . . . . Part Studies Acquired . | . . . . Parts Repaired . | . . . . Time . | . . . . Parts Recycled . | . . . . Recycled Matter . | . . . . Retrieved Matter . | . . . . Retrieved Components . | . . . . Parts Scanalyzed . | . . . . Part Schematics Acquired . | . . . . Parts Damaged . | . . . . Bothacking | -11 -10 -10 -10 ------------ Run | Yrd Mat Min Sub Used RIF Installer . | . . . . Robots Hacked . | . . . . Non-combat . | . . . . Combat . | . . . . Robot Hacks Applied . | . . . . Relay Couplers Released . | . . . . Fabnet Peak Effective % . | . . . . Robots Rewired . | . . . . Allies Hacked . | . . . . Hacks Repelled . | . . . . Allies | -11 -10 -10 -10 -------- Run | Yrd Mat Min Sub Total Allies 2 | . . 2 . Largest Group 2 | . . 2 1 Highest-Rated Group 36 | . . 36 31 Highest-Rated Ally 31 | . . 31 31 Total Orders . | . . . . Ally Attacks 1 | . . . 1 Total Damage 22 | . . . 22 Kills . | . . . . Allies Corrupted . | . . . . Allies Melted . | . . . . Intel | -11 -10 -10 -10 ------- Run | Yrd Mat Min Sub Active Infowar (turns) 5442 | 77 1332 1164 2869 Sensors 2559 | . . 909 1650 Structural 5442 | 77 1332 1164 2869 Robot Analysis Total . | . . . . Derelict Logs Recovered 1 | . . . 1 Drone Launches . | . . . . Drone Recoveries . | . . . . Exploration | -11 -10 -10 -10 ------------- Run | Yrd Mat Min Sub Turns Passed 5456 | 91 1332 1164 2869 Spaces Moved 2540 | 49 747 644 1100 Core 148 | 24 . . 124 Treads 2392 | 25 747 644 976 Legs . | . . . . Wheels . | . . . . Hover . | . . . . Flight . | . . . . Fastest Speed 50 | 50 160 160 160 Average Speed 189 | 108 160 160 231 Slowest Speed 550 | 160 160 160 550 Overloaded Moves . | . . . . Propulsion Burnouts . | . . . . Robots Hopped . | . . . . Potential Cave-ins . | . . . . Cave-ins Triggered . | . . . . Exploration Rate (%) 66 | 5 100 99 63 Regions Visited 3 Branch Regions 2 Pre-discovered Areas . | . . . . Known Exits Taken 3 | 1 1 1 . Unknown Exits Taken . | . . . . Scrap Searched 3 | . . . 3 Spaces Dug . | . . . . Terrain Destroyed . | . . . . Melee . | . . . . Projectile . | . . . . AOE . | . . . . Terrain Rammed . | . . . . Walls Destroyed . | . . . . Machines Disabled . | . . . . Actions | -11 -10 -10 -10 --------- Run | Yrd Mat Min Sub Total 2901 | 74 811 764 1252 Wait 149 | . 11 104 34 Move 2537 | 48 746 643 1100 Hop . | . . . . Pick Up 31 | 8 11 7 5 Fast Attach 4 | 4 . . . Attach 11 | 4 2 1 4 Detach 2 | 1 1 . . Swap 7 | 1 1 1 4 Drop 8 | 2 2 1 3 Fire 152 | 6 37 7 102 Melee . | . . . . Ram . | . . . . Kick . | . . . . Crush . | . . . . Escape Stasis . | . . . . Rewire . | . . . . Trap . | . . . . Miscellaneous . | . . . . Route ------- -11/Scrapyard -10/Materials (discovered 5 exits: *Mat x3 / *Min / *Sub) -10/Mines (discovered 3 exits: *Mat x2 / *Sub) -10/Subcaves (discovered 3 exits: *Mat x2 / *Rec) History --------- Turn | Location | Event 12 | -11/Scrapyard | Identified exit to Materials 12 | -11/Scrapyard | Discovered exit to Materials (range 16) 92 | -11/Scrapyard | Entered Materials 92 | -10/Materials | Evolved 1 slot: Utility x1 207 | -10/Materials | Identified exit to Mines 207 | -10/Materials | Discovered exit to Mines (range 16) 318 | -10/Materials | Build established: Hacker-Mutant 481 | -10/Materials | Identified exit to Materials 481 | -10/Materials | Discovered exit to Materials (range 13) 597 | -10/Materials | Identified exit to Subcaves 597 | -10/Materials | Discovered exit to Subcaves (range 11) 799 | -10/Materials | Discovered exit to Materials (range 10) 1040 | -10/Materials | Discovered exit to Materials (range 15) 1424 | -10/Materials | Entered Mines 1433 | -10/Mines | Received a Rocket Launcher from a helpful Derelict 1535 | -10/Mines | Found a hidden stash of uninstalled traps 1720 | -10/Mines | Met a Derelict who couldn't figure out how to use a Trap Extractor 1831 | -10/Mines | Discovered exit to Materials (range 15) 2042 | -10/Mines | Discovered exit to Materials (range 11) 2535 | -10/Mines | Discovered exit to Subcaves (range 6) 2588 | -10/Mines | Entered Subcaves 2588 | -10/Subcaves | Accompanied by 1 ally 2589 | -10/Subcaves | Ambushed by Subdwellers from Twisted Machinery 2589 | -10/Subcaves | Approached by a straggling Scientist 2720 | -10/Subcaves | A swath of the cavern ceiling suddenly collapsed 2913 | -10/Subcaves | Identified exit to Materials 2913 | -10/Subcaves | Discovered exit to Materials (range 9) 2923 | -10/Subcaves | Shifting Twisted Machinery released Sub. Laser 2925 | -10/Subcaves | Shifting Twisted Machinery released Battle Cannon 3061 | -10/Subcaves | Shifting Twisted Machinery released Shrapnel Trap 3071 | -10/Subcaves | Shifting Twisted Machinery released Battle Cannon 3888 | -10/Subcaves | Discovered exit to Materials (range 5) 4261 | -10/Subcaves | Core integrity fell below 50% 4281 | -10/Subcaves | Lost 3 parts (1p1u1w) 4421 | -10/Subcaves | Learned 2 Materials zone layouts 4723 | -10/Subcaves | Core integrity fell below 20% 4759 | -10/Subcaves | Identified exit to Recycling 4759 | -10/Subcaves | Discovered exit to Recycling (range 10) 5442 | -10/Subcaves | Visited 4L-MR0's lab 5457 | -10/Subcaves | Destroyed by QD-7FE(R) with Subdweller Laser Last Messages --------------- 04783_ Ion Engine destroyed. 04784_ Autobeam Turret suffers critical hit (Blast). 04784_ Autobeam Turret destroyed. 04788_ HC-CDJ(O) collects matter. 04791_ Acquired 10 matter. 04792_ HC-CDJ(O) collects matter. 04793_ Acquired 13 matter. 04796_ HC-CDJ(O) collects matter. 04800_ Acquired 14 matter. 04804_ HC-CDJ(O) collects matter. 04812_ Acquired Lgt. Assault Rifle. 04813_ HC-CDJ(O) collects matter. 04910_ Acquired 24 matter. 04913_ Acquired 12 matter. 04917_ SH-MYT(O) collects matter. 04924_ SH-MYT(O) puts together Sub. Machine Gun. 05039_ Subatomizers dissect the Sub. Power Source. 05449_ Battle Cannon destroyed. Map ----- +----------------------------------------------------+ | | | | | | | | | | | | | | | | | | | | | | | | | | | | | | | | | ?????????????????????????????????????????????????? | | ?????????????????????????????????????????????????? | | ?????????????????????????????????????????????????? | | ?????????????????????????######??????????????????? | | ???????????????#################?????????????????? | | ???????????????########### <<###?????????????????? | | ???????????????##!" ""##< <<##?????????????????? | | ???????????????#### # < ##?????????????????? | | ????????????????#"""X" RR <<< ##?????????????????? | | ????????????????#"""""""#@<< <##?????????????????? | | ????????????????########## <<<##?????????????????? | | ????????????????########## < <##?????????????????? | | ??????????????????#######"" <<##?????????????????? | | ??????????????????## # < ######??????????????? | | ???????????########## #######?????????????? | | ??????????##########" ## ## ###?####????????? | | ??????????### ####" "###### ######"????????? | | ??????????## ## " ### #### #"????????? | | ??????????## ## #"????????? | | ??????????### ##### #"????????? | | ??????????### ##### ##""???????? | | ???????????## #### ####???????? | | ????????###### ## ##???????? | | ????????###### ###???????? | | ????????## ###???????? | | ????????## ###???????? | | ????????## ## ##???????? | | ????????## # ##### ???????? | | ????????## ## # ### ## ????????? | | ????????###### ## ## ##????????? | | ????????####### ## ###### # ##????????? | | ????????????####### ##### ########??? | | ?????????????#### ###### # ##########?? | | ???????????????### ####### ## # ###?? | +----------------------------------------------------+ Best States ------------- Heat Dissipation 25 Energy Generation 14 Energy Capacity 250 Matter Stores 300 Matter Capacity 300 Sight Range 16 Robot Scan Range 14 Terrain Scan Density 10 Resistance: KI 35 Resistance: TH 35 Resistance: EX 35 Resistance: EM 35 Resistance: I 35 Resistance: S 35 Resistance: P 35 Evasion (%) 50 Recoil Reduction 2 Offensive Hacking 20 Item Schematics ----------------- None Robot Schematics ------------------ None Fabricated ------------ Nothing Repaired ---------- Nothing Studied --------- None Alien Tech Used ----------------- None Achievements -------------- None Challenges ------------ None Game ------ Seed GrapheneShadingChainsword Manual? 0 Play Time 00:21:23 Cumulative 246.6 hours Start 2026.01.05 @ 13:02:45 End 2026.01.05 @ 14:00:04 Sessions 1 Manual Loads 0 Difficulty Explorer Special Mode None Game No. 391 Rogue 0 Adventurer 0 Explorer 391 Win Type - Total 0 Types 0/0/0/0/0/0/0/0/0/0 Lore% 71 Gallery% 69 Achievement% 54 Wizard Run 0 Options --------- Layout 1 ASCII 0 Keyboard 0 Movement Mouse Keybinds 0 Fullscreen 1 Font 24/Smallcaps Map View 50x35 Zoom Use 0% Tactical HUD 1 Map Filters NONE Filters NONE Steam 1 RUN: ff209b80-920e-4b4b-bce4-dc42fc84d65b